 Dungeon Crawl Stone Soup version 0.30-a0-860-g512cf1e979 (webtiles) character file.

Game seed: 13815138541781300882

7623 Essalna the Geomancer (level 11, 0/71 HPs)
             Began as a Gargoyle Earth Elementalist on Mar 7, 2023.
             Was a Priest of Vehumet.
             Slain by a cane toad (3 damage)
             ... on level 1 of the Lair of Beasts.
             The game lasted 00:17:42 (9582 turns).

Essalna the Geomancer (Gargoyle Earth Elementalist) Turns: 9582, Time: 00:17:43

Health: 0/71       AC: 16    Str:  9    XL:     11   Next: 18%
Magic:  19/23      EV: 15    Int: 20    God:    Vehumet [***...]
Gold:   506        SH:  0    Dex: 16    Spells: 8/14 levels left

rFire   + . .      SeeInvis .    l - +8 war axe "Edoehera" {freeze, rF+ rC+ Str-3}
rCold   + . .      Faith    .    (no shield)
rNeg    + . .      Spirit   .    v - +2 leather armour {Will+}
rPois   ∞          Reflect  .    A - +0 helmet
rElec   +          Rampage  .    w - scarf {shadows}
rCorr   .                        G - +0 pair of gloves
Will    +....                    (no boots)
Stlth   ++                       (no amulet)
HPRegen 0.31/turn                e - ring of magical power
MPRegen 0.18/turn                n - +6 ring of dexterity

@: about to teleport
A: sickness immunity, AC +8, negative energy resistance 1, electricity
resistance, torment resistance 1, petrification resistance
a: Renounce Religion


You were on level 1 of the Lair of Beasts.
You worshipped Vehumet.
Vehumet was most pleased with you.
You visited 2 branches of the dungeon, and saw 10 of its levels.

You collected 506 gold pieces.

Inventory:

Hand Weapons
 l - the +8 war axe "Edoehera" (weapon) {freeze, rF+ rC+ Str-3}
   (You found it on level 2 of the Dungeon)

   Str:       It affects your strength (-3).
   rF:        It protects you from fire.
   rC:        It protects you from cold.
 s - a +2 dagger of venom
Armour
 a - a +0 robe
 m - a scarf of invisibility
 v - a +2 leather armour of willpower (worn)
 w - a scarf of shadows (worn)
 A - a +0 helmet (worn)
 G - a +0 pair of gloves (worn)
 H - +0 steam dragon scales
Jewellery
 e - a ring of magical power (left hand)
 n - a +6 ring of dexterity (right hand)
 I - an amulet of guardian spirit
Wands
 r - a wand of charming (6)
 E - a wand of mindburst (13)
 F - a wand of flame (18)
Scrolls
 c - 9 scrolls of identify {unknown}
 d - 3 scrolls of teleportation
 j - a scroll of enchant weapon {unknown}
 k - 2 scrolls of silence {unknown}
 o - 2 scrolls of amnesia {unknown}
 p - 3 scrolls of immolation {unknown}
 t - a scroll of brand weapon {unknown}
 u - 4 scrolls of noise {unknown}
 x - 2 scrolls of enchant armour {unknown}
 y - 3 scrolls of fear {unknown}
 z - 2 scrolls of summoning {unknown}
 J - a scroll of poison {unknown}
 K - a scroll of fog {unknown}
 M - a scroll of vulnerability {unknown}
Potions
 b - a potion of magic
 f - 2 potions of flight {unknown}
 g - a potion of might {unknown}
 h - 5 potions of attraction {unknown}
 i - 2 potions of brilliance {unknown}
 q - 2 potions of lignification {unknown}
 B - 4 potions of heal wounds
 C - a potion of invisibility {unknown}
 D - a potion of curing {unknown}
 L - 2 potions of cancellation {unknown}


   Skills:
 + Level 9.5 Fighting
 + Level 8.7 Armour
 + Level 6.9 Dodging
 - Level 2.1 Stealth
 - Level 2.0 Spellcasting
 - Level 3.0 Conjurations
 - Level 0.7 Transmutations
 + Level 11.0 Earth Magic


You had 8 spell levels left.
You knew the following spells:

 Your Spells              Type           Power      Damage    Failure   Level
a - Sandblast             Erth           92%        2d19      1%          1
b - Stone Arrow           Conj/Erth      60%        3d10      1%          3
c - Passwall              Tmut/Erth      20%        N/A       2%          2

Your spell library contained the following spells:

 Spells                   Type           Power      Damage    Failure   Level
 Inner Flame              Hex/Fire       2%         N/A       16%         3
 Static Discharge         Conj/Air       16%        2-3/arc   4%          2
 Beastly Appendage        Tmut           8%         N/A       16%         1
 Ignite Poison            Fire/Tmut/Pois 2%         N/A       16%         3
 Petrify                  Tmut/Erth      25%        N/A       19%         4
 Summon Small Mammal      Summ           8%         N/A       21%         1
 Wereblood                Tmut           4%         N/A       24%         2
 Sticky Flame             Conj/Fire      8%         2d3       28%         4
 Spider Form              Tmut/Pois      3%         N/A       47%         3
 Call Canine Familiar     Summ           2%         N/A       52%         3
 Summon Guardian Golem    Hex/Summ       2%         N/A       52%         3
 Vhi's Electric Charge    Tloc/Air       4%         N/A       52%         3
 Irradiate                Conj/Tmut      4%         3d13      54%         5
 Arcjolt                  Conj/Air       4%         1d14      58%         5
 Lightning Bolt           Conj/Air       4%         1d15      58%         5
 Blade Hands              Tmut           2%         N/A       99%         5
 Dragon Form              Tmut           2%         N/A       100%        7
 Ignition                 Fire           1%         3d3       100%        8


Dungeon Overview and Level Annotations

Branches:
Dungeon (9/15)             Temple (0/1) D:7            Lair (1/5) D:9
    Orc (0/2) D:9

Altars:
Cheibriados
Gozag
Kikubaaqudgha
Makhleb
Trog
Uskayaw
Vehumet
Yredelemnul

Shops:
D:4 (   D:6 (

Annotations:
D:9 2 runed translucent doors, Pascal76's ghost, novice MiBe


Innate Abilities, Weirdness & Mutations

You are immune to sickness and miasma.
Your stone body is resilient. (AC +8)
You are immune to poison.
You resist negative energy. (rN+)
You are resistant to electric shocks. (rElec)
You are resistant to unholy torment.
You are immune to petrification.


Message History

The blast of sand hits the komodo dragon but does no damage.
The komodo dragon is almost dead.
The cane toad croaks.
You hear a bellow!
You hear a loud, deep croak!
The cane toad stings you but does no damage.
A blink frog comes into view.
The komodo dragon misses you.
The cane toad stings you but does no damage.
The komodo dragon bites you!!
The blink frog croaks.
Casting: Sandblast (safe; 1% risk of failure)
Confirm with . or Enter, or press ? or * to list all spells.
Aiming: Sandblast (safe; 1% risk of failure)
Press: ? - help, Shift-Dir - straight line, f/p - komodo dragon
Aim: a komodo dragon (almost dead, 89% to hit)
The blast of sand hits the komodo dragon.
The komodo dragon is almost dead.
You hear a croak.
You hear a loud, deep croak!
The blink frog blinks!
The cane toad barely misses you. The blink frog misses you.
The komodo dragon bites you. The cane toad barely misses you.
Casting: Sandblast (safe; 1% risk of failure)
Confirm with . or Enter, or press ? or * to list all spells.
Aiming: Sandblast (safe; 1% risk of failure)
Press: ? - help, Shift-Dir - straight line, f/p - komodo dragon
Aim: a komodo dragon (almost dead, 89% to hit)
The blast of sand hits the komodo dragon!
You kill the komodo dragon!
Vehumet accepts your kill.
You feel your power returning. The blink frog completely misses you.
The cane toad stings you!
* * * LOW HITPOINT WARNING * * *
As you read the scroll of teleportation, it crumbles to dust.
You feel strangely unstable. The cane toad closely misses you. x2
A water moccasin comes into view.
The blink frog blinks!
The cane toad attacks as you move away! The cane toad closely misses you.
The blink frog blinks!
The cane toad stings you!
* * * LOW HITPOINT WARNING * * *
The cane toad attacks as you move away! The cane toad stings you.
You die...

..... ♣♣.♣♣♣♣.♣♣♣.. #.#
.....♣♣...♣....♣......#.#
##..............S..... ..#
#..... ♣........♣♣... #.#
##...♣ ♣♣.$...§♣♣ ♣.####.#
#....♣♣♣♣...F..♣♣♣♣...#..###
#....♣♣....†...♣♣.........#
##.........FF.......#...P.#
##...♣♣...♣♣@..♣♣.......#.#
#.#.♣♣♣♣.♣♣♣♣.♣.♣♣....###.#
##..♣.♣♣..♣ ♣.♣♣♣♣.....<..#
####....♣♣...♣♣........#######
....................†..#
....^...#....##...####.#
..####..##.##.#..## #.# P.
#P.##### ..# .. ..# ##.. .#.#
## ###


You could see 2 cane toads and a blink frog.

Vanquished Creatures
  2 two-headed ogres (D:9)
  A death yak (D:9)
  Maggie (D:6)
  A cane toad (Lair:1)
  A komodo dragon (Lair:1)
  Prince Ribbit (D:7)
  A yak (D:9)
  2 steam dragons
  Edmund (D:5)
  Menkaure (D:7)
  4 orc warriors
  An ice beast (D:5)
  4 sky beasts
  2 black bears
  2 ogres
  A centaur (D:9)
  4 bullfrogs
  A kobold brigand (D:6)
  2 scorpions
  17 wights
  13 killer bees
  2 howler monkeys (D:8)
  A jelly (D:7)
  2 lava snakes (D:9)
  2 hounds
  Crazy Yiuf (D:6)
  2 gnoll boudas
  6 orc priests
  4 sleepcaps
  5 iguanas
  6 orc wizards
  4 adders
  5 gnolls
  2 white imps
  An ufetubus (D:5)
  2 worms (D:2)
  2 dart slugs
  24 orcs
  8 endoplasms
  4 giant cockroaches
  8 hobgoblins
  5 jackals (D:2)
  13 kobolds
  6 quokkas
  11 ball pythons
  5 bats
  5 frilled lizards
  8 goblins
  A rat (D:2)
208 creatures vanquished.

Vanquished Creatures (others)
  An orc (D:6)
  2 fungi (Lair:1)
  2 plants (Lair:1)
5 creatures vanquished.

Grand Total: 213 creatures vanquished

Notes
Turn   | Place    | Note
-------+----------+-------------------------------------------
     0 | D:1      | Essalna the Gargoyle Earth Elementalist began the quest for
                  | the Orb.
     0 | D:1      | Reached XP level 1. HP: 10/10 MP: 3/3
   171 | D:1      | Reached skill level 1 in Fighting
   171 | D:1      | Reached XP level 2. HP: 12/16 MP: 0/5
   245 | D:1      | Reached skill level 4 in Earth Magic
   803 | D:1      | Reached XP level 3. HP: 19/21 MP: 6/6
   807 | D:1      | Learned a level 3 spell: Stone Arrow
  1396 | D:2      | Identified the +8 war axe "Edoehera" {freeze, rF+ rC+
                  | Str-3}
  1469 | D:2      | Reached skill level 1 in Conjurations
  1651 | D:2      | Reached XP level 4. HP: 27/27 MP: 7/7
  1849 | D:2      | Found a faded altar of an unknown god.
  2213 | D:3      | Found an ancient bone altar of Kikubaaqudgha.
  2368 | D:3      | Found a bloodstained altar of Trog.
  2493 | D:3      | Found a basalt altar of Yredelemnul.
  2499 | D:3      | Reached skill level 5 in Earth Magic
  2502 | D:3      | Reached XP level 5. HP: 20/32 MP: 8/8
  3082 | D:4      | Reached XP level 6. HP: 37/37 MP: 9/9
  3198 | D:4      | Reached skill level 1 in Armour
  3860 | D:4      | Found Guereedgh's Antique Weapon Emporium.
  4156 | D:5      | Entered Level 5 of the Dungeon
  4255 | D:5      | Reached skill level 6 in Earth Magic
  4255 | D:5      | Reached XP level 7. HP: 40/43 MP: 10/10
  4595 | D:5      | Found a radiant altar of Vehumet.
  4604 | D:5      | Noticed Edmund
  4616 | D:5      | Killed Edmund
  4617 | D:5      | Reached skill level 5 in Fighting
  4617 | D:5      | Reached XP level 8. HP: 24/49 MP: 0/11
  4620 | D:5      | Became a worshipper of Vehumet
  5159 | D:6      | Reached skill level 7 in Earth Magic
  5236 | D:6      | Noticed Maggie
  5416 | D:6      | Found Uteesul's Antique Weapon Emporium.
  5658 | D:6      | Killed Maggie
  5809 | D:6      | Reached * piety under Vehumet
  5809 | D:6      | Offered knowledge of Freeze by Vehumet.
  5979 | D:6      | Found a runed translucent door.
  5980 | D:6      | Noticed Crazy Yiuf
  5986 | D:6      | Killed Crazy Yiuf
  5987 | D:6      | Reached skill level 5 in Armour
  5987 | D:6      | Reached XP level 9. HP: 55/55 MP: 11/12
  6127 | D:6      | Reached skill level 8 in Earth Magic
  6137 | D:7      | Found an opulent altar of Gozag.
  6138 | D:7      | Found a staircase to the Ecumenical Temple.
  6276 | D:7      | Noticed Prince Ribbit
  6911 | D:7      | Noticed Menkaure
  6916 | D:7      | Killed Menkaure
  6917 | D:7      | Reached skill level 5 in Dodging
  6930 | D:7      | Killed Prince Ribbit
  6931 | D:7      | Reached skill level 9 in Earth Magic
  6931 | D:7      | Offered knowledge of Momentum Strike by Vehumet.
  7010 | D:7      | Reached ** piety under Vehumet
  7297 | D:7      | Found a hide-covered altar of Uskayaw.
  7436 | D:7      | Reached XP level 10. HP: 64/64 MP: 13/13
  7477 | D:7      | Learned a level 2 spell: Passwall
  7545 | D:8      | Found a burning altar of Makhleb.
  7547 | D:8      | Noticed an Executioner
  7878 | D:8      | Found a snail-covered altar of Cheibriados.
  8298 | D:9      | Noticed a two-headed ogre
  8302 | D:9      | Killed a two-headed ogre
  8303 | D:9      | Reached skill level 10 in Earth Magic
  8438 | D:9      | Noticed a two-headed ogre
  8449 | D:9      | Killed a two-headed ogre
  8722 | D:9      | Found a staircase to the Orcish Mines.
  8761 | D:9      | Noticed a death yak
  8787 | D:9      | Killed a death yak
  8944 | D:9      | Offered knowledge of Inner Flame by Vehumet.
  9090 | D:9      | Reached XP level 11. HP: 71/71 MP: 14/14
  9163 | D:9      | Found a large runed translucent door.
  9163 | D:9      | Found a large runed translucent door.
  9180 | D:9      | Noticed a death yak
  9182 | D:9      | Noticed a death yak
  9194 | D:9      | Noticed Pascal76's ghost (novice MiBe)
  9327 | D:9      | Reached *** piety under Vehumet
  9475 | D:9      | Found a staircase to the Lair.
  9483 | Lair:1   | Entered Level 1 of the Lair of Beasts
  9551 | Lair:1   | Reached skill level 11 in Earth Magic
  9581 | Lair:1   | HP: 3/71 [cane toad (12)]
  9582 | Lair:1   | Slain by a cane toad

Illustrated notes

Levels and vault maps discovered:
D:1:      amcnicky_arrival_single_pillar, layout_loops_corners,
          minmay_misc_feat_rugged, grunt_decor_fettered
D:2:      layout_loops_ring, nicolae_ecumenical_lake_church
D:3:      layout_loops_ring, mainiacjoe_overflow_six_doors_small,
          kiku_gazebo_pond_becter, lemuel_coloured_pillars_altar,
          kennysheep_generic_room_7
D:4:      layout_loops_corners, serial_shops, shop, saegor_snake_ambush
D:5:      minmay_evil_eye, layout_gridville, mainiacjoe_overflow_chevrons,
          uniq_edmund
D:6:      layout_rooms, serial_shops, nicolae_shop_advertising_works
          [nicolae_subvault_shop_adworks], uniq_crazy_yiuf_cottage, uniq_maggie
D:7:      layout_basic, mainiacjoe_overflow_concentric_impassable,
          kennysheep_mini_moat, minmay_temple_entry_crystal_x, uniq_menkaure,
          uniq_prince_ribbit1
D:8:      layout_loops_cross, general_overflow_altar, makhleb_altar_promises_db,
          minmay_lindwurm_lava
D:9:      layout_irregular_city, dpeg_lair_monsters, orc_0_dummy,
          ebering_ghost_disaster_area, kennysheep_crisscross,
          dreamdust_wishing_well
Lair:1:   layout_loops_ring, nicolae_lair_grove_arrangements, st_stairs_6

Skill      XL: |  1  2  3  4  5  6  7  8  9 10 11 |
---------------+----------------------------------+-----
Fighting       | 1 2 3 4 5 6 7 9 |  9.5
Earth Magic    | 4 5 6 7 9 10 11 | 11.0
Conjurations   | 1 2 3 |  3.0
Armour         | 1 3 5 6 8 |  8.7
Dodging        | 2 3 4 5 6 |  6.9
Stealth        | |  2.1
Spellcasting   | |  2.0
Transmutations | |  0.7

Action                     |  1- 3 |  4- 6 |  7- 9 | 10-12 || total
---------------------------+-------+-------+-------+-------++-------
  Melee: Unarmed           |     1 |       |       |       ||     1
         War axe           |     4 |     6 |    18 |     2 ||    30
   Cast: Sandblast         |    54 |    88 |   148 |    88 ||   378
         Stone Arrow       |       |       |    27 |    30 ||    57
    Use: Scroll            |       |       |     2 |     1 ||     3
 Armour: Robe              |     4 |    15 |       |       ||    19
         Leather armour    |       |    13 |    75 |    39 ||   127
  Dodge: Dodged            |    16 |    32 |   131 |    55 ||   234

Table legend: (Time is in decaauts)
 A = Elapsed time spent in this place.
 B = Non-inter-level travel time spent in this place.
 C = Inter-level travel time spent in this place.
 D = Time resting spent in this place.
 E = Time spent auto-exploring this place.
 F = Levels seen in this place.
 G = Mean time per level.
                   A        B        C        D        E       F      G
               +--------+--------+--------+--------+--------+-----+--------+
         Total |   9815 |   9450 |    365 |     35 |   7959 |  10 |  981.5 |
       Dungeon |   9708 |   9343 |    365 |     35 |   7913 |   9 | 1078.7 |
          Lair |    106 |    106 |      0 |      0 |     46 |   1 |  106.0 |
               +--------+--------+--------+--------+--------+-----+--------+

Top non-repeatable levels by time:
     D:6: 1284 daAuts
     D:1: 1265 daAuts
     D:4: 1263 daAuts
     D:9: 1192 daAuts
     D:7: 1123 daAuts
     D:5: 1016 daAuts
     D:3: 899 daAuts
     D:8: 835 daAuts
     D:2: 829 daAuts
  Lair:1: 106 daAuts
